 Dungeon Crawl Stone Soup version 0.32-a0-994-gabb26cbae4 (webtiles) character file.

Game seed: 6243814637756319321

5207 Revguard the Cleaver (level 10, -2/77 HPs)
             Began as a Formicid Fighter on Apr 22, 2024.
             Was a Priest of Cheibriados.
             Slain by a cyclops (12 damage)
             ... on level 11 of the Dungeon.
             The game lasted 00:17:52 (7458 turns).

Revguard the Cleaver (Formicid Fighter)             Turns: 7458, Time: 00:17:52

Health: -2/77      AC:  9    Str: 33    XL:     10   Next: 91%
Magic:  14/14      EV: 15    Int: 16    God:    Cheibriados [***...]
Gold:   258        SH:  7    Dex: 27    Spells: 9/9 levels left

rFire   + . .        v - +1 war axe (elec)
rCold   . . .        c - +0 buckler
rNeg    . . .        i - +0 steam dragon scales
rPois   .            (helmet unavailable)
rElec   .            A - +0 cloak
rCorr   .            x - +0 pair of gloves
SInv    +            (no boots)
Will    +....        (no amulet)
Stlth   ++           f - +6 ring of dexterity
HPRegen 0.32/turn    w - ring of protection from fire
MPRegen 0.14/turn

%: no passive effects
@: attractive, very slow
A: permanent stasis, dig shafts and tunnels, antennae 3, four strong arms
a: Dig, Shaft Self, Renounce Religion, Bend Time, Temporal Distortion


You were on level 11 of the Dungeon.
You worshipped Cheibriados.
Cheibriados was most pleased with you.
You visited 2 branches of the dungeon, and saw 10 of its levels.
You visited the Abyss 1 time.

You collected 258 gold pieces.

Inventory:

Hand Weapons
 a - a +0 war axe
 v - a +1 war axe of electrocution (weapon)
Armour
 b - a +0 scale mail
 c - a +0 buckler (worn)
 i - +0 steam dragon scales (worn)
 x - a +0 pair of gloves (worn)
 A - a +0 cloak (worn)
Jewellery
 f - a +6 ring of dexterity (left hand)
 h - a +6 ring of intelligence
 o - a ring of resist corrosion
 w - a ring of protection from fire (right hand)
Wands
 d - a wand of flame (34) (quivered)
 r - a wand of charming (11)
 y - a wand of digging (4)
Scrolls
 j - a scroll of torment
 m - 2 scrolls of blinking
 p - 2 scrolls of amnesia
 q - a scroll of enchant armour
 t - 5 scrolls of teleportation
 B - a scroll of revelation
 D - a scroll of vulnerability {unknown}
Potions
 k - 4 potions of enlightenment
 l - a potion of mutation
 s - a potion of brilliance
 u - 2 potions of haste


   Skills:
 + Level 6.8 Fighting
 * Level 8.2 Axes
 + Level 6.9 Armour
 + Level 4.9 Dodging
 + Level 7.9 Shields
 + Level 6.1 Invocations
 + Level 5.6 Evocations


You had 9 spell levels left.
You didn't know any spells.
Your spell library contained the following spells:

 Spells                   Type           Power      Damage    Failure   Level
 Sting                    Conj/Alch      0%         1d3       28%         1
 Ensorcelled Hibernation  Hex/Ice        0%         N/A       38%         2
 Mercury Vapours          Alch/Air       0%         N/A       38%         2
 Fugue of the Fallen      Necr           0%         N/A       63%         3
 Sigil of Binding         Hex            0%         N/A       63%         3
 Anguish                  Hex/Necr       0%         N/A       95%         4
 Cause Fear               Hex            0%         N/A       95%         4
 Leda's Liquefaction      Alch/Erth      0%         N/A       95%         4
 Olgreb's Toxic Radiance  Alch           0%         N/A       95%         4
 Lee's Rapid Deconstruct  Erth           0%         3d4*      100%        5
 Permafrost Eruption      Ice/Erth       0%         2x4d1     100%        6
 Enfeeble                 Hex            0%         N/A       100%        7


Dungeon Overview and Level Annotations

Branches:
Dungeon (8/15)             Temple (1/1) D:5
   Lair: D:8-11

Altars:
Ashenzari
Cheibriados
Elyvilon
Fedhas
Gozag
Hepliaklqana
Kikubaaqudgha
Makhleb
Nemelex Xobeh
Okawaru
Qazlal
Ru
Sif Muna
Trog
Uskayaw
Vehumet
Xom
Yredelemnul
Zin

Shops:
D:4 =

Annotations:
D:7 1 runed translucent door, Vbesf's ghost, novice GnCA
D:8 1 runed translucent door, Joseph; Mousus6's ghost, journeyman DjWn


Innate Abilities, Weirdness & Mutations

You cannot be hasted, slowed, berserked, paralysed or teleported.
You can dig through walls and to a lower floor.
You have a pair of large antennae on your head. (SInv)
Your four strong arms can wield two-handed weapons with a shield.


Message History

You kill the yak!
Cheibriados appreciates the change of pace.
You slash the yak! Lightning courses through the yak!
The yak is heavily wounded.
The yak barely misses you.
You closely miss the yak.
The yak is heavily wounded.
The yak gores you!
* * * LOW HITPOINT WARNING * * *
You slash the yak!
The yak is severely wounded.
The yak gores you!
* * * LOW HITPOINT WARNING * * *
You slash the yak! Lightning courses through the yak!!
You kill the yak!
Cheibriados appreciates the change of pace.
A cyclops comes into view.
Things that are here:
a yak corpse; a yak corpse; a yak corpse The cyclops shouts!
The cyclops throws a large rock.
You block the large rock.
You feel better.
It was a potion of attraction.
You feel attractive to monsters.
It was a potion of heal wounds.
You feel much better. The cyclops is attracted toward you.
You slash the cyclops!
The cyclops is moderately wounded.
The cyclops completely misses you.
You slice the cyclops!!
The cyclops is severely wounded.
You slash the cyclops!
The cyclops is almost dead.
The cyclops hits you!!
* * * LOW HITPOINT WARNING * * *
You hit the cyclops.
The cyclops is almost dead.
The cyclops hits you!
You die...
Cheibriados appreciates the motionlessness of death.

#### ####### #....####
#..C..##
#.......####.##@..###
[.......†.C...###...###
.....C..#######
###...## .......!#
##.[.# ........#
###...## ......###
#...### .##### #...###
###. # {


You could see a cyclops.

Vanquished Creatures
  Pikel (D:5)
  Prince Ribbit (D:7)
  6 yaks (D:11)
  A wyvern (D:7)
  A basilisk (D:11)
  2 steam dragons
  Menkaure (D:7)
  A water moccasin (D:7)
  An ice beast (D:5)
  2 orc warriors
  4 sky beasts
  4 ogres
  A centaur (D:5)
  3 kobold brigands
  2 gnoll sergeants
  2 bullfrogs
  3 scorpions
  4 wights
  The ghost of P0WERM0DE the Trooper, a weakling CoCK of Xom (D:3)
  A howler monkey (D:8)
  Crazy Yiuf (D:7)
  3 jellies
  An orc priest (D:5)
  4 sleepcaps
  A hound (D:6)
  A gnoll bouda (D:5)
  Ijyb (D:4)
  4 iguanas
  6 orc wizards
  13 gnolls
  12 adders
  2 shadow imps (D:6)
  2 ufetubi (D:7)
  4 dart slugs
  25 orcs
  11 endoplasms
  5 giant cockroaches
  6 hobgoblins
  15 jackals
  A quokka (D:5)
  9 ball pythons
  2 bats
  2 frilled lizards
  11 goblins
  23 kobolds
  7 rats
214 creatures vanquished.

Vanquished Creatures (others)
  A howler monkey (D:8)
  A kobold (D:7)
2 creatures vanquished.

Grand Total: 216 creatures vanquished

Notes
Turn   | Place    | Note
-------+----------+-------------------------------------------
     0 | D:1      | Revguard the Formicid Fighter began the quest for the Orb.
     0 | D:1      | Reached XP level 1. HP: 18/18 MP: 1/1
    56 | D:1      | Reached XP level 2. HP: 24/24 MP: 2/2
   549 | D:1      | Reached XP level 3. HP: 3/29 MP: 3/3
  1185 | D:2      | Reached skill level 1 in Dodging
  1185 | D:2      | Reached skill level 1 in Invocations
  1185 | D:2      | Reached XP level 4. HP: 15/35 MP: 4/4
  1347 | D:2      | Reached skill level 3 in Axes
  1351 | D:2      | Reached skill level 1 in Evocations
  1627 | D:3      | Found a faded altar of an unknown god.
  1882 | D:3      | Reached XP level 5. HP: 41/41 MP: 4/6
  2235 | D:3      | Found a runed translucent door.
  2241 | D:3      | Noticed a bullfrog
  2243 | D:3      | Noticed P0WERM0DE's ghost (weakling CoCK)
  2792 | D:3      | Killed a bullfrog
  2793 | D:3      | Reached XP level 6. HP: 45/48 MP: 7/7
  2795 | D:3      | Killed P0WERM0DE's ghost
  2903 | D:4      | Found Zyus's Jewellery Shop.
  3061 | D:4      | Found a glowing silver altar of Zin.
  3088 | D:4      | Reached skill level 4 in Axes
  3177 | D:4      | Noticed Ijyb
  3192 | D:4      | Killed Ijyb
  3324 | D:4      | Reached XP level 7. HP: 22/54 MP: 8/8
  3554 | D:5      | Entered Level 5 of the Dungeon
  3656 | D:5      | Found a staircase to the Ecumenical Temple.
  3662 | D:5      | Reached skill level 5 in Shields
  3673 | Temple   | Entered the Ecumenical Temple
  3802 | Temple   | Became a worshipper of Cheibriados the Contemplative
  3824 | D:5      | Noticed Pikel
  3847 | D:5      | Killed Pikel
  3848 | D:5      | Reached skill level 5 in Axes
  3848 | D:5      | Reached skill level 5 in Armour
  3848 | D:5      | Reached XP level 8. HP: 24/61 MP: 10/10
  4103 | D:5      | Reached skill level 5 in Fighting
  4214 | D:5      | Found a shimmering altar of Xom.
  4455 | D:5      | Reached * piety under Cheibriados
  4637 | D:5      | Reached XP level 9. HP: 65/68 MP: 11/11
  5170 | D:6      | Reached skill level 6 in Axes
  5736 | D:7      | Noticed Prince Ribbit
  5737 | D:7      | Found a runed translucent door.
  5750 | D:7      | Killed Prince Ribbit
  5909 | D:6      | Reached ** piety under Cheibriados
  6037 | D:7      | Found a shimmering altar of Xom.
  6037 | D:7      | Noticed Vbesf's ghost (novice GnCA)
  6041 | D:7      | Noticed a +2 whip of chaos
  6149 | D:7      | Noticed Menkaure
  6158 | D:7      | Killed Menkaure
  6236 | D:7      | Reached skill level 5 in Invocations
  6240 | D:7      | Reached skill level 7 in Axes
  6240 | D:7      | Reached XP level 10. HP: 70/76 MP: 10/13
  6455 | D:7      | Reached skill level 5 in Evocations
  6596 | D:7      | Found a runed translucent door.
  6597 | D:7      | Noticed Crazy Yiuf
  6603 | D:7      | Killed Crazy Yiuf
  6775 | D:7      | Found a sparkling altar of Nemelex Xobeh.
  6912 | D:8      | Reached *** piety under Cheibriados
  7094 | D:8      | Found a runed translucent door.
  7095 | D:8      | Found a shimmering altar of Xom.
  7095 | D:8      | Noticed Mousus6's ghost (journeyman DjWn)
  7096 | D:8      | Noticed a +2 whip of chaos
  7139 | D:8      | Noticed Joseph
  7140 | Abyss:1  | Found a runed translucent door.
  7140 | Abyss:1  | Cast into level 1 of the Abyss (Joseph)
  7188 | D:8      | Escaped the Abyss
  7196 | D:8      | You fall into a shaft and drop 3 floors!
  7420 | D:11     | Reached skill level 8 in Axes
  7442 | D:11     | Noticed a cyclops
  7458 | D:11     | Slain by a cyclops

Illustrated notes

Levels and vault maps discovered:
D:1:      sevenhm_arrival_forest_fort_small_4, layout_basic, st_stairs_14
D:2:      layout_rooms, nicolae_the_louvre
D:3:      layout_basic, ebering_ghost_sewer_d, serial_corexii_hall,
          corexii_hall_statues_u, corexii_hall_statues_i,
          corexii_hall_statues_deadend, shapermc_ecumenical_altar_venn,
          minmay_misc_feat_square, minmay_misc_feat_encased
D:4:      kennysheep_the_goblin_king, layout_basic,
          mainiacjoe_overflow_cross_hatched, serial_shops,
          nicolae_shop_window_shopping
D:5:      layout_loops_corners, mainiacjoe_overflow_tiny_flanked,
          minmay_temple_entry_junction, kennysheep_minor_cross, uniq_pikel
D:6:      layout_rooms, solitary_fountain
D:7:      kennysheep_six_static_rooms, layout_cave_pools,
          nemelex_dance_club_becter, ebering_ghost_xom, uniq_crazy_yiuf_cottage,
          uniq_menkaure, uniq_prince_ribbit1
D:8:      layout_loops_cross, ebering_ghost_xom,
          einodemon_armed_red_devil_minivault, uniq_joseph
D:11:     layout_basic, serial_shops, shop, serial_curves, eino_curves_03,
          eino_curves_03, hellmonk_guarded_unrand_zhor
Temple:   compressed_dpeg_triangle_lava_temple

Skill      XL: |  1  2  3  4  5  6  7  8  9 10 |
---------------+-------------------------------+-----
Dodging        | 1 2 3 4 |  4.9
Invocations    | 1 2 3 5 6 |  6.1
Axes           | 3 4 5 7 8 |  8.2
Evocations     | 1 2 3 4 5 |  5.6
Armour         | 4 5 6 |  6.9
Fighting       | 4 5 6 |  6.8
Shields        | 5 6 7 |  7.9

Action                     |  1- 3 |  4- 6 |  7- 9 | 10-12 || total
---------------------------+-------+-------+-------+-------++-------
  Melee: War axe           |    62 |   151 |   181 |   149 ||   543
 Invoke: Bend Time         |       |       |     2 |     1 ||     3
Ability: Shaft Self        |       |       |       |     1 ||     1
  Evoke: Wand              |       |       |     2 |     5 ||     7
    Use: Potion            |       |     2 |     2 |     5 ||     9
         Scroll            |       |       |    13 |     3 ||    16
   Stab: Sleeping          |       |       |       |     1 ||     1
 Armour: Scale mail        |    49 |   154 |   134 |       ||   337
         Steam dragon scal |       |       |     5 |    91 ||    96
  Dodge: Dodged            |    32 |    92 |   109 |    99 ||   332
  Block: Buckler           |    24 |    56 |    78 |    54 ||   212

Table legend: (Time is in decaauts)
 A = Elapsed time spent in this place.
 B = Non-inter-level travel time spent in this place.
 C = Inter-level travel time spent in this place.
 D = Time resting spent in this place.
 E = Time spent auto-exploring this place.
 F = Levels seen in this place.
 G = Mean time per level.
                   A        B        C        D        E       F      G
               +--------+--------+--------+--------+--------+-----+--------+
         Total |   8398 |   8246 |    152 |    525 |   5894 |  11 |  763.5 |
       Dungeon |   8198 |   8046 |    152 |    422 |   5857 |   9 |  910.9 |
        Temple |    139 |    139 |      0 |     99 |      0 |   1 |  139.0 |
         Abyss |     60 |     60 |      0 |      4 |     37 |   1 |   60.0 |
               +--------+--------+--------+--------+--------+-----+--------+

Top non-repeatable levels by time:
     D:5: 1796 daAuts
     D:3: 1263 daAuts
     D:7: 1241 daAuts
     D:1: 1077 daAuts
     D:6: 840 daAuts
     D:4: 720 daAuts
     D:2: 589 daAuts
     D:8: 380 daAuts
    D:11: 288 daAuts
  Temple: 139 daAuts
 Abyss:1: 60 daAuts
